 Dungeon Crawl Stone Soup version 0.26-a0-652-gafc20e3620 (webtiles) character file.

Game seed: 12712147594758467332

29223 robertstho the Cleaver (level 13, -10/121 HPs)
             Began as a Deep Dwarf Fighter on Oct 2, 2020.
             Was a High Priest of Makhleb.
             Mangled by an ettin
             ... wielding a +0 great mace
              (29 damage)
             ... on level 2 of the Orcish Mines.
             The game lasted 00:29:57 (11838 turns).

robertstho the Cleaver (Deep Dwarf Fighter)        Turns: 11838, Time: 00:29:58

Health: -10/121    AC: 21    Str: 24    XL:     13   Next: 14%
Magic:  1/1        EV:  8    Int: 16    God:    Makhleb [*****.]
Gold:   504        SH: 18    Dex: 12    Spells: 12/12 levels left

rFire    . . .     SeeInvis .   n - +2 war axe (vorpal)
rCold    + . .     Faith    .   i - +0 tower shield
rNeg     . . .     Spirit   .   m - +0 plate armour
rPois    +         Reflect  .   E - +2 hat
rElec    .         Harm     .   b - +0 cloak
rCorr    .         Rampage  .   q - +1 pair of gloves
MR       +....                  r - +2 pair of boots
Stlth    ..........             (no amulet)
HPRegen  0.00/turn              I - ring of poison resistance
MPRegen  0.07/turn              v - ring "Jasmi" {rC+ Int+6}

@: non-regenerating
A: damage resistance, heal wounds, hooves 1, yellow scales 1, deformed body, low
mp 1, sense surroundings 2, no regeneration
a: Heal Wounds, Minor Destruction, Lesser Servant of Makhleb, Major Destruction,
Greater Servant of Makhleb, Renounce Religion


You were on level 2 of the Orcish Mines.
You worshipped Makhleb.
Makhleb was extremely pleased with you.
You visited 3 branches of the dungeon, and saw 18 of its levels.

You collected 1396 gold pieces.
You spent 892 gold pieces at shops.

Inventory:

Hand Weapons
 l - a +4 scimitar of flaming
 n - a +2 vorpal war axe (weapon)
 C - a +2 hand axe of freezing
Armour
 b - a +0 cloak (worn)
 i - a +0 tower shield (worn)
 m - a +0 plate armour (worn)
 q - a +1 pair of gloves (worn)
 r - a +2 pair of boots (worn)
 E - a +2 hat (worn)
Jewellery
 a - a +4 ring of evasion
 k - an uncursed ring of fire
 s - an uncursed ring of stealth
 v - the ring "Jasmi" (right hand) {rC+ Int+6}
   (You acquired it on level 13 of the Dungeon)

   [ring of intelligence]

   It affects your intelligence (+6).
   It protects you from cold.
 x - an uncursed ring of protection from magic
 I - a ring of poison resistance (left hand)
 K - an uncursed ring of ice
Wands
 o - a wand of iceblast (2)
 F - a wand of paralysis (6)
 H - a wand of flame (1)
Scrolls
 c - 2 scrolls of amnesia {unknown}
 d - a scroll of silence {unknown}
 e - 3 scrolls of enchant weapon
 f - 5 scrolls of blinking
 h - 2 scrolls of immolation
 j - 5 scrolls of teleportation
 p - 11 scrolls of remove curse
 u - a scroll of holy word
 y - a scroll of enchant armour
 A - a scroll of magic mapping
 B - a scroll of fear
 J - a scroll of identify
Potions
 g - 7 potions of curing
 t - 2 potions of brilliance
 w - a potion of lignification
 z - 3 potions of flight
 G - 3 potions of haste
Miscellaneous
 D - a phantom mirror (inert)


   Skills:
 * Level 9.4 Fighting
 + Level 13.0 Axes
 * Level 10.6 Armour
 * Level 9.4 Dodging
 + Level 1.0 Stealth
 + Level 9.8 Shields
 + Level 0.1 Unarmed Combat
 * Level 8.6 Invocations


You had 12 spell levels left.
You didn't know any spells.
Your spell library contained the following spells:

 Spells                   Type           Power        Failure   Level
 Animate Skeleton         Necr           #.....       100%        1
 Pain                     Necr           #...         100%        1
 Confusing Touch          Hex            #.......     100%        3
 Gell's Gravitas          Tloc           #.........   100%        3
 Vampiric Draining        Necr           #.........   100%        3
 Animate Dead             Necr           #.........   100%        4
 Petrify                  Tmut/Erth      #.......     100%        4
 Agony                    Necr           #.......     100%        5
 Bolt of Magma            Conj/Fire/Erth #.........   100%        5
 Iskenderun's Battlesphe  Conj           #.......     100%        5
 Metabolic Englaciation   Hex/Ice        #.........   100%        5
 Yara's Violent Unravell  Hex/Tmut       #.........   100%        5
 Iron Shot                Conj/Erth      #.........   100%        6
 Orb of Destruction       Conj           #.........   100%        7
 Spellforged Servitor     Conj/Summ      #.........   100%        7


Dungeon Overview and Level Annotations

Branches:
Dungeon (15/15)            Temple (1/1) D:7            Lair (0/6) D:10
    Orc (2/2) D:9             Elf (0/3) Orc:2        Vaults (0/5) D:14
 Depths: D:15

Altars:
Ashenzari
Cheibriados
Dithmenos
Elyvilon
Fedhas
Gozag
Hepliaklqana
Kikubaaqudgha
Makhleb
Nemelex Xobeh
Qazlal
Ru
Sif Muna
Trog
Uskayaw
Vehumet
Wu Jian
Xom
Yredelemnul
Zin
Beogh

Shops:
D:7 (   D:10 *   D:13 *   Orc:2 [

Annotations:
D:9 exclusion: orange crystal statue
D:10 1132 axe
Orc:2 Rupert


Innate Abilities, Weirdness & Mutations

You are resistant to damage.
You can heal yourself by infusing magical energy.
You passively map the area around you.
You do not regenerate.
You have large cloven feet.
You are partially covered in yellow scales. (AC +2)
Armour fits poorly on your strangely shaped body.
Your magical capacity is low. (-10% MP)


Message History

* * * LOW HITPOINT WARNING * * *
Rupert burns you.
* * * LOW HITPOINT WARNING * * *
Something hits your ettin but does no damage.
Your magical essence is drained by the effort!
You feel much better.
Your ettin shimmers and vanishes!
Rupert hits you with a +2 battleaxe of flaming!!
* * * LOW HITPOINT WARNING * * *
Rupert burns you.
* * * LOW HITPOINT WARNING * * *
Your magical essence is drained by the effort!
You feel much better. You block Rupert's attack. The ettin barely misses you.
The ettin hits you with a +0 dire flail!!
* * * LOW HITPOINT WARNING * * *
The ettin barely misses you. You block the ettin's attack.
The ettin hits you with a +0 great mace!
* * * LOW HITPOINT WARNING * * *
The ettin hits you with a +0 dire flail!!
You die...

,* #........##
##........##
###...#......##
#####....###......#####
#.o.#....# ##......##.##
..o..o..#####..........#
.oo.o))o#.##.......##.##
#C.o).oo.....CC..###.#
oo##)##..o..oo.@@...#)##
, ####....<..#####....#
* #.)....##, ##...#
###...##, ##..# * #...#
, #..# * , , ##..# ,_
#..# , ##.# , ,+.## * *
#.##, , ##.# * * #..##,,
##..#


You could see Rupert (berserk), 2 ettins and 3 orc warriors.

Vanquished Creatures
  Jorgrun (Orc:1)
  Azrael (D:12)
  A fire dragon (D:14)
  Erolcha (D:10)
  Fannar (Orc:1)
  3 two-headed ogres
  An iron troll (D:14)
  An unseen horror (D:10)
  A wolf spider zombie (D:13)
  An orc knight (Orc:1)
  A deep elf mage (D:13)
  4 cyclopes
  3 manticores
  An ugly thing (D:11)
  2 gargoyles
  2 kobold demonologists (D:11)
  A tengu conjurer (D:13)
  6 trolls
  A hornet (D:12)
  3 hippogriffs
  3 slime creatures (D:8)
  Prince Ribbit (D:5)
  A wraith (D:13)
  2 wyverns
  A water elemental (D:14)
  Eustachio (D:4)
  2 hogs (D:13)
  3 yaks (D:11)
  3 fire elementals (D:12)
  5 vampire mosquitoes
  5 wargs
  2 hell hounds (D:12)
  Duvessa (D:4)
  16 orc warriors
  A water moccasin (D:9)
  An eye of draining (D:8)
  3 black bears
  A sky beast (D:7)
  6 phantoms
  5 ice beasts
  10 ogres
  8 centaurs
  A gnoll sergeant (D:7)
  6 big kobolds
  9 bullfrogs
  Dowan (D:4)
  3 scorpions
  A wyvern skeleton (D:10)
  17 wights
  4 electric eels
  2 bullfrog zombies
  A bullfrog skeleton (D:5)
  11 hounds
  2 centaur zombies
  2 centaur skeletons
  6 jellies
  25 orc wizards
  16 orc priests
  Ijyb (D:4)
  4 iguanas
  9 worker ants
  2 killer bee zombies
  A hound zombie (D:8)
  2 hound skeletons
  A worker ant zombie (D:11)
  Robin (D:4)
  9 gnolls
  A howler monkey skeleton (D:11)
  17 adders
  A white imp (D:7)
  2 ufetubi
  An ooze (D:6)
  An adder skeleton (D:4)
  2 worms
  A dart slug (D:1)
  7 leopard geckos
  63 orcs
  7 bats
  9 giant cockroaches
  18 goblins
  15 hobgoblins
  11 jackals
  3 quokkas
  2 ball pythons (D:1)
  2 frilled lizards
  A jackal skeleton (D:6)
  21 kobolds
  A leopard gecko skeleton (D:5)
  A leopard gecko zombie (D:8)
  A quokka skeleton (D:6)
  13 rats
455 creatures vanquished.

Vanquished Creatures (collateral kills)
  A hydra (D:12)
  A troll (D:12)
  A vampire mosquito (D:13)
  An orc warrior (Orc:2)
  An eye of draining (shapeshifter) (D:13)
  An orc priest (Orc:2)
6 creatures vanquished.

Vanquished Creatures (others)
  Kirke (D:13)
  3 humans (D:13)
  A bullfrog (D:10)
  An orc (D:11)
6 creatures vanquished.

Grand Total: 467 creatures vanquished

Notes
Turn   | Place    | Note
-------+----------+-------------------------------------------
     0 | D:1      | robertstho the Deep Dwarf Fighter began the quest for the
                  | Orb.
     0 | D:1      | Reached XP level 1. HP: 20/20 MP: 1/1
    20 | D:1      | Reached XP level 2. HP: 25/27 MP: 2/2
   283 | D:1      | Reached XP level 3. HP: 32/34 MP: 3/3
   875 | D:2      | Reached skill level 3 in Axes
   890 | D:2      | Reached skill level 1 in Dodging
   890 | D:2      | Reached XP level 4. HP: 33/42 MP: 4/4
  1408 | D:3      | Found an ornate altar of the Wu Jian Council.
  1521 | D:3      | Reached XP level 5. HP: 33/49 MP: 5/5
  1936 | D:3      | Found a sacrificial altar of Ru.
  1989 | D:4      | Noticed Robin
  1989 | D:4      | Noticed Eustachio
  1999 | D:4      | Killed Robin
  1999 | D:4      | Reached skill level 4 in Axes
  2011 | D:4      | Killed Eustachio
  2011 | D:4      | Reached XP level 6. HP: 52/57 MP: 6/6
  2052 | D:4      | Noticed Dowan
  2053 | D:4      | Noticed Duvessa
  2061 | D:4      | Killed Duvessa
  2064 | D:4      | Killed Dowan
  2064 | D:4      | Reached skill level 5 in Axes
  2111 | D:4      | Reached XP level 7. HP: 52/64 MP: 7/7
  2217 | D:4      | Noticed Ijyb
  2234 | D:4      | Killed Ijyb
  2744 | D:4      | Reached skill level 5 in Armour
  2923 | D:5      | Entered Level 5 of the Dungeon
  3065 | D:5      | Noticed Prince Ribbit
  3083 | D:5      | Killed Prince Ribbit
  3083 | D:5      | Reached skill level 6 in Axes
  3711 | D:5      | Reached XP level 8. HP: 47/73 MP: 6/6
  4150 | D:6      | Reached skill level 5 in Fighting
  4196 | D:6      | Reached skill level 7 in Axes
  4723 | D:7      | Reached skill level 5 in Shields
  4849 | D:7      | Found a shadowy altar of Dithmenos.
  4883 | D:7      | Found a staircase to the Ecumenical Temple.
  4977 | D:7      | Reached skill level 8 in Axes
  4977 | D:7      | Gained mutation: You passively map the area around you.
                  | [Deep Dwarf growth]
  4977 | D:7      | Reached XP level 9. HP: 63/81 MP: 7/7
  5036 | D:7      | Noticed a +0 dagger
  5037 | D:7      | Found a hide-covered altar of Uskayaw.
  5037 | D:7      | Noticed a +0 dagger
  5209 | D:7      | Found Gareli's Weapon Boutique.
  5416 | D:8      | Reached skill level 5 in Dodging
  5623 | Temple   | Entered the Ecumenical Temple
  5677 | Temple   | Became a worshipper of Makhleb the Destroyer
  5828 | D:8      | Reached skill level 1 in Invocations
  6031 | D:8      | Gained mutation: Armour fits poorly on your strangely
                  | shaped body. [potion of mutation]
  6031 | D:8      | Gained mutation: You are partially covered in yellow
                  | scales. (AC +2) [potion of mutation]
  6031 | D:8      | Gained mutation: Your magical capacity is low. (-10% MP)
                  | [potion of mutation]
  6031 | D:8      | Gained mutation: You have large cloven feet. [potion of
                  | mutation]
  6044 | D:8      | Reached skill level 9 in Axes
  6170 | D:9      | Noticed an orange crystal statue
  6192 | D:10     | Entered Level 10 of the Dungeon
  6192 | D:10     | Noticed a gargoyle
  6195 | D:10     | Noticed Erolcha
  6208 | D:10     | Killed Erolcha
  6208 | D:10     | Reached XP level 10. HP: 40/92 MP: 4/6
  6236 | D:10     | Reached * piety under Makhleb
  6237 | D:10     | Killed a gargoyle
  6296 | D:10     | Reached skill level 10 in Axes
  6347 | D:10     | Found a staircase to the Lair.
  6412 | D:10     | Reached ** piety under Makhleb
  6460 | D:10     | Found a basalt altar of Yredelemnul.
  6461 | D:10     | Noticed a manticore
  6471 | D:10     | Killed a manticore
  6730 | D:10     | Found Kezylat's General Store.
  6733 | D:10     | Bought a scroll of identify for 32 gold pieces
  6733 | D:10     | Bought a potion of heal wounds for 80 gold pieces
  6971 | D:10     | Killed an unseen horror
  7122 | D:11     | Noticed a manticore
  7134 | D:11     | Reached skill level 5 in Invocations
  7136 | D:11     | Reached XP level 11. HP: 83/100 MP: 5/5
  7146 | D:11     | Reached skill level 11 in Axes
  7426 | D:11     | Reached *** piety under Makhleb
  7476 | D:11     | Found a broken altar of Ashenzari.
  7728 | D:12     | Paralysed by a hornet for 2 turns
  7744 | D:12     | Noticed Azrael
  7771 | D:12     | Killed Azrael
  7935 | D:12     | Noticed a seven-headed hydra
  7940 | D:12     | Killed a five-headed hydra
  8126 | D:13     | Noticed Kirke
  8141 | D:13     | Noticed a sphinx
  8147 | D:13     | Noticed a lindwurm
  8164 | D:13     | Killed Kirke
  8214 | D:13     | Found Aduev Ruane's General Store.
  8320 | D:13     | Reached **** piety under Makhleb
  8458 | D:13     | Reached skill level 1 in Stealth
  8458 | D:13     | Reached XP level 12. HP: 100/111 MP: 2/2
  8817 | D:13     | Reached skill level 12 in Axes
  8953 | D:13     | Bought a scroll of acquirement for 780 gold pieces
  8953 | D:13     | Acquired the ring "Jasmi" {rC+ Int+6}
  9361 | D:14     | Noticed a fire dragon
  9418 | D:14     | Killed a fire dragon
  9429 | D:14     | Found a gate to the Vaults.
  9504 | D:14     | Noticed a centaur warrior
  9504 | D:14     | Noticed a centaur warrior
  9853 | D:15     | Entered Level 15 of the Dungeon
  9854 | D:15     | Found a white marble altar of Elyvilon.
  9863 | D:15     | Noticed a tengu warrior
  9864 | D:15     | Noticed an ettin
 10080 | D:11     | Noticed a two-headed ogre
 10094 | D:11     | Reached skill level 10 in Armour
 10098 | D:11     | Killed a two-headed ogre
 10268 | D:11     | Noticed a two-headed ogre
 10273 | D:11     | Killed a two-headed ogre
 10483 | D:9      | Found a staircase to the Orcish Mines.
 10541 | D:9      | Noticed a two-headed ogre
 10550 | D:9      | Killed a two-headed ogre
 10966 | Orc:1    | Entered Level 1 of the Orcish Mines
 10966 | Orc:1    | Noticed Jorgrun
 10991 | Orc:1    | Killed Jorgrun
 11051 | Orc:1    | Reached XP level 13. HP: 76/121 MP: 4/4
 11117 | Orc:1    | Found a roughly hewn altar of Beogh.
 11157 | Orc:1    | Noticed Fannar
 11179 | Orc:1    | Killed Fannar
 11423 | Orc:2    | Entered Level 2 of the Orcish Mines
 11443 | Orc:2    | Reached ***** piety under Makhleb
 11485 | Orc:2    | Found Hav Uputh's Armour Shoppe.
 11695 | Orc:2    | Found a staircase to the Elven Halls.
 11805 | Orc:2    | Reached skill level 13 in Axes
 11806 | Orc:2    | Noticed Rupert
 11812 | Orc:2    | Noticed an ettin
 11813 | Orc:2    | Noticed an ettin
 11838 | Orc:2    | Mangled by an ettin

Illustrated notes

Levels and vault maps discovered:
D:1:      dpeg_arrival_ratfight, layout_loops_cross, minmay_misc_feat_plants,
          minmay_tetromino_s4
D:2:      minmay_angry_zag, layout_basic
D:3:      layout_basic, old_standard_altar, lemuel_coloured_pillars_altar
D:4:      layout_layer_cave, minmay_ruptured, uniq_duvessa, uniq_robin,
          uniq_ijyb, uniq_eustachio
D:5:      layout_layer_cave, uniq_prince_ribbit1
D:6:      layout_loops_ring, hangedman_abyss_or_decor_lesser_grid,
          kennysheep_generic_room_12
D:7:      layout_basic, dancing_weapons_uskayaw,
          nicolae_dithmenos_shadow_blocks, minmay_temple_entry_from_below_a,
          serial_shops, nicolae_shop_stone, hangedman_glass_teeth
D:8:      layout_gridville
D:9:      layout_small_grid, orc_0_dummy, minivault_16
D:10:     layout_big_octagon, erik_lair_orcish_takeover, basic_altar,
          serial_shops, nicolae_shop_behind_doors,
          minmay_fractal_squares_gapless_5, uniq_erolcha
D:11:     layout_basic, ashenzari_altar_1
D:12:     layout_loops_cross, uniq_azrael
D:13:     layout_long_grid, serial_shops,
          nicolae_shop_temple_entry_statues_fountains, abandoned_shop,
          uniq_kirke
D:14:     layout_basic, david_vaults_4, chequers_serial_rivers_large_a,
          onia_ninara_dug_in_and_dangerous
D:15:     hangedman_depths_entry_civil_slaughter, layout_irregular_city,
          elyvilon_altar_4, uniq_nessos
Temple:   compressed_dpeg_circular_temple
Orc:1:    layout_caves, mines1_david, uniq_fannar, uniq_jorgrun
Orc:2:    grunt_orc_community_town_hall, layout_diamond_mine,
          grunt_orc_community_big_house_1, grunt_orc_community_big_house_1,
          grunt_orc_community_house_1, grunt_orc_community_house_2,
          grunt_orc_community_house_2, grunt_orc_community_house_3,
          grunt_orc_community_house_3, grunt_orc_community_house_3,
          serial_shops, shop, uniq_rupert

Skill      XL: |  1  2  3  4  5  6  7  8  9 10 11 12 13 |
---------------+----------------------------------------+-----
Fighting       | 3 4 5 6 7 8 9 |  9.4
Axes           | 3 4 5 6 8 9 10 11 12 13 | 13.0
Dodging        | 1 2 3 4 5 7 8 9 |  9.4
Armour         | 4 5 6 7 8 9 10 | 10.6
Shields        | 4 5 6 7 8 9 |  9.8
Invocations    | 3 5 6 8 |  8.6
Stealth        | 1 |  1.0
Unarmed Combat | |  0.1

Action                   |  1- 3 |  4- 6 |  7- 9 | 10-12 | 13-15 || total
-------------------------+-------+-------+-------+-------+-------++-------
Melee: War axe           |   108 |   120 |   370 |   838 |   135 ||  1571
       Hand axe          |       |       |       |    32 |       ||    32
       Unarmed           |       |       |       |     4 |       ||     4
       Scimitar          |       |       |       |     3 |       ||     3
Invok: Lesser Servant of |       |       |       |     8 |       ||     8
       Minor Destruction |       |       |       |     2 |       ||     2
 Abil: Heal Wounds       |       |     1 |    10 |    30 |     4 ||    45
Evoke: Phantom mirror    |       |       |       |     1 |     1 ||     2
       Wand              |       |       |       |     1 |     5 ||     6
  Use: Scroll            |       |     5 |     4 |    11 |     1 ||    21
       Potion            |       |     1 |     6 |     6 |       ||    13
 Stab: Invisible         |       |       |     1 |     2 |       ||     3
       Distracted        |       |       |       |     1 |       ||     1
Armor: Scale mail        |    31 |       |       |       |       ||    31
       Plate armour      |    14 |    70 |   177 |   352 |    36 ||   649
       Chain mail        |       |       |       |    33 |       ||    33
       Skin              |       |       |       |    35 |       ||    35
Dodge: Dodged            |    45 |    34 |   111 |   303 |    28 ||   521
Block: Kite shield       |    65 |    76 |   148 |       |       ||   289
       Tower shield      |       |       |   102 |   873 |   104 ||  1079

Table legend: (Time is in decaauts)
 A = Elapsed time spent in this place.
 B = Non-inter-level travel time spent in this place.
 C = Inter-level travel time spent in this place.
 D = Time resting spent in this place.
 E = Time spent auto-exploring this place.
 F = Levels seen in this place.
 G = Mean time per level.
                   A        B        C        D        E       F      G
               +--------+--------+--------+--------+--------+-----+--------+
         Total |  12058 |  11347 |    711 |    112 |   8061 |  18 |  669.9 |
       Dungeon |  11099 |  10439 |    660 |    112 |   7439 |  15 |  739.9 |
        Temple |     94 |     54 |     40 |      0 |     50 |   1 |   94.0 |
  Orcish Mines |    863 |    852 |     11 |      0 |    572 |   2 |  431.5 |
               +--------+--------+--------+--------+--------+-----+--------+

Top non-repeatable levels by time:
    D:13: 1265 daAuts
     D:5: 1085 daAuts
     D:4: 958 daAuts
    D:10: 862 daAuts
     D:3: 842 daAuts
    D:11: 835 daAuts
     D:9: 743 daAuts
     D:6: 735 daAuts
     D:7: 715 daAuts
     D:2: 632 daAuts
    D:14: 631 daAuts
     D:1: 599 daAuts
     D:8: 592 daAuts
    D:12: 575 daAuts
   Orc:1: 452 daAuts
